 Dungeon Crawl Stone Soup version 0.23-a0-97-g66d73a1 (webtiles) character file.

21770 galech the Basher (level 12, -15/98 HPs)
             Began as a Demonspawn Berserker on Aug 17, 2018.
             Was a High Priest of Trog.
             Demolished by an orc knight
             ... wielding a +0 battleaxe
              (19 damage)
             ... on level 1 of the Orcish Mines.
             The game lasted 00:21:14 (11837 turns).

galech the Basher (Demonspawn Berserker)           Turns: 11837, Time: 00:21:15

Health: -15/98     AC: 24    Str: 17    XL:     12   Next: 57%
Magic:  21/21      EV:  7    Int:  9    God:    Trog [*****.]
Gold:   1146       SH:  0    Dex: 18    Spells: 11/11 levels left

rFire    + + .     SeeInvis .   D - +10 mace of Gessuloh {crush, rF+}
rCold    . . .     Gourm    .   (no shield)
rNeg     . . .     Faith    .   H - +1 plate armour {rF+}
rPois    .         Spirit   .   n - +2 helmet
rElec    .         Reflect  .   b - +1 cloak
rCorr    .         Harm     .   (gloves unavailable)
MR       ++...                  o - +0 pair of boots
Stlth    ..........             (no amulet)
HPRegen  1.26/turn              r - ring of magical power
MPRegen  0.17/turn              (no ring)

@: berserk cooldown, regenerating, slowed, very slow
A: claws 3, thin metallic scales 1, nightstalker 1, powered by death 2
a: Berserk, Trog's Hand, Brothers in Arms, Renounce Religion


You were on level 1 of the Orcish Mines.
You worshipped Trog.
Trog was extremely pleased with you.
You were not hungry.

You visited 2 branches of the dungeon, and saw 13 of its levels.

You collected 1146 gold pieces.

Inventory:

Hand Weapons
 a - a +0 hand axe
 D - the +10 mace of Gessuloh (weapon) {crush, rF+}
   (You found it on level 6 of the Dungeon)

   It inflicts extra damage upon your enemies.
   It protects you from fire.
 E - the +6 whip "Miplyfam" {vamp, Dex+2, unknown}
   (You found it on level 6 of the Dungeon)

   It inflicts no extra harm, but heals its wielder when it wounds a living foe.
   It affects your dexterity (+2).
Armour
 b - a +1 cloak (worn)
 n - a +2 helmet (worn)
 o - a +0 pair of boots (worn)
 H - a +1 plate armour of fire resistance (worn)
 J - a +1 chain mail of cold resistance
Jewellery
 r - a ring of magical power (left claw)
Wands
 p - a wand of iceblast (16)
 v - a wand of random effects (35)
 B - a wand of flame (48)
Scrolls
 d - 2 scrolls of fog {unknown}
 g - a scroll of enchant armour
 i - 5 scrolls of magic mapping
 j - 4 scrolls of teleportation {unknown}
 k - 7 scrolls of remove curse
 m - 3 scrolls of enchant weapon
 s - a scroll of noise {unknown}
 u - a scroll of fear {unknown}
 y - 4 scrolls of identify
 C - 2 scrolls of amnesia {unknown}
 I - a scroll of blinking {unknown}
Potions
 e - 4 potions of lignification
 f - 2 potions of haste
 h - 4 potions of brilliance {unknown}
 q - 4 potions of curing {unknown}
 t - a potion of cancellation {unknown}
 w - 2 potions of flight {unknown}
 z - a potion of heal wounds {unknown}
 A - 4 potions of degeneration {unknown}
 F - a potion of magic {unknown}
 G - a potion of invisibility {unknown}
Comestibles
 c - 32 rations


   Skills:
 + Level 10.3 Fighting
 + Level 8.2(10.9) Axes
 + Level 11.4(12.4) Maces & Flails
 + Level 9.9 Armour
 + Level 3.4 Dodging
 + Level 1.7 Stealth


You had 11 spell levels left.
You didn't know any spells.
Your spell library was empty.

Dungeon Overview and Level Annotations

Branches:
Dungeon (11/15)            Temple (0/1) D:6            Lair (0/6) D:10
    Orc (2/2) D:11
    Elf: Orc:2

Altars:
Fedhas
Gozag
Kikubaaqudgha
Makhleb
Nemelex Xobeh
Okawaru
Qazlal
Sif Muna
Trog
Uskayaw
Vehumet
Wu Jian
Yredelemnul

Shops:
D:6 (   D:8 }   D:11 [   Orc:1 }


Innate Abilities, Weirdness & Mutations

You have claws for hands.
You are partially covered in thin metallic scales. (AC +2)
You are slightly more attuned to the shadows.
You regenerate health from kills.


Message History

Something hits you but does no damage.
The orc knight roars a battlecry!
The orc warrior goes into a battle-frenzy!
You hit something. Something hits you but does no damage.
The orc warrior hits you but does no damage.
You hit the orc warrior but do no damage.
Something hits you but does no damage.
The orc warrior hits you but does no damage.
You thump the orc warrior!
The orc warrior is heavily wounded.
You hear some strange, mumbled words.
A magic dart appears from out of thin air!
The magic dart hits you! The orc warrior hits you with a mace!!
* * * LOW HITPOINT WARNING * * *
Unknown command.
You hit the orc warrior.
The orc warrior is severely wounded.
The orc warrior hits you but does no damage.
The orc knight hits you with a battleaxe!!
You die...

....##.##.....#....#.#
.............###.....#
.....#.#.^..#####..###
..########..[.#...(.#
..# #...##...oo....##
#####....##.[){...[[##
##.#.....###..T...[..#
##........#.#.###o#.##
#...####....)###@o.##
....#####.....###.##
##....##.....######
#....##.....##.###
.#.......)###..#.##
..#........#......##
..........##.......#
......#.[..))##....##
......#......##.....###


You could see an orc knight and an orc warrior.

Vanquished Creatures
  An orc warlord (D:11)
  A stone giant (Orc:1)
  3 hydras
  Erica (D:8)
  4 two-headed ogres
  Urug (Orc:1)
  Nergalle (D:11)
  Psyche (D:10)
  2 trolls
  A hornet (D:8)
  Grinder (D:6)
  Prince Ribbit (D:5)
  2 dream sheep (D:9)
  A hippogriff (D:11)
  A shadow (D:11)
  Sigmund (D:6)
  17 yaks
  3 wraiths (D:11)
  A wyvern (D:8)
  2 hungry ghosts
  Eustachio (D:5)
  Menkaure (D:7)
  3 wargs (Orc:1)
  A water moccasin (D:7)
  2 ice beasts
  19 orc warriors
  An eye of draining (D:11)
  6 phantoms
  A sky beast (D:8)
  9 ogres
  5 centaurs
  4 big kobolds
  A gnoll sergeant (D:9)
  3 bullfrogs
  3 scorpions
  A wyvern skeleton (D:11)
  5 killer bees (D:11)
  5 wights (D:8)
  2 electric eels (D:10)
  A jelly (D:8)
  4 howler monkeys
  3 crimson imps
  A quasit (D:6)
  13 orc priests
  A gnoll shaman (Orc:1)
  8 hounds
  Crazy Yiuf (D:7)
  A bullfrog skeleton (D:4)
  12 orc wizards
  Ijyb (D:3)
  4 iguanas
  11 worker ants
  A hound skeleton (D:6)
  3 worker ant zombies
  11 gnolls
  17 adders
  A shadow imp (D:8)
  An ooze (D:3)
  2 adder zombies
  3 adder skeletons
  4 worms
  3 dart slugs
  6 leopard geckos
  62 orcs
  6 giant cockroaches
  6 hobgoblins
  12 jackals
  5 quokkas
  3 ball pythons
  2 ball python skeletons (D:5)
  6 bats
  4 frilled lizards
  10 goblins
  13 kobolds
  A leopard gecko skeleton (D:8)
  A quokka zombie (D:6)
  8 rats
371 creatures vanquished.

Vanquished Creatures (others)
  An orc wizard (D:11)
1 creature vanquished.

Grand Total: 372 creatures vanquished

Notes
Turn   | Place    | Note
-------+----------+-------------------------------------------
     0 | D:1      | galech the Demonspawn Berserker began the quest for the Orb.
     0 | D:1      | Reached XP level 1. HP: 18/18 MP: 1/1
   331 | D:1      | Gained mutation: You are partially covered in thin metallic scales. (AC +2) [demonic ancestry]
   331 | D:1      | Reached XP level 2. HP: 24/24 MP: 2/2
   744 | D:1      | Reached XP level 3. HP: 27/29 MP: 3/3
  1382 | D:2      | Reached ** piety under Trog
  1382 | D:2      | Gained mutation: You are slightly more attuned to the shadows. [demonic ancestry]
  1382 | D:2      | Reached XP level 4. HP: 32/35 MP: 4/4
  1478 | D:2      | Found an iron altar of Okawaru.
  1479 | D:2      | Found a hide-covered altar of Uskayaw.
  1686 | D:2      | Found a stormy altar of Qazlal.
  1853 | D:2      | Found a deep blue altar of Sif Muna.
  2133 | D:2      | Found an ancient bone altar of Kikubaaqudgha.
  2133 | D:2      | Found a blossoming altar of Fedhas.
  2272 | D:3      | Reached skill level 1 in Stealth
  2432 | D:3      | Gained mutation: You regenerate a little health from kills. [demonic ancestry]
  2432 | D:3      | Reached XP level 5. HP: 39/41 MP: 5/5
  2543 | D:3      | Noticed Ijyb
  2564 | D:3      | Killed Ijyb
  3162 | D:4      | Reached skill level 5 in Axes
  3162 | D:4      | Reached XP level 6. HP: 27/48 MP: 6/6
  3444 | D:4      | Reached *** piety under Trog
  3518 | D:4      | Found a radiant altar of Vehumet.
  3528 | D:4      | Found a basalt altar of Yredelemnul.
  3737 | D:4      | Gained mutation: You have sharp fingernails. [demonic ancestry]
  3737 | D:4      | Reached XP level 7. HP: 38/54 MP: 7/7
  3829 | D:5      | Entered Level 5 of the Dungeon
  3829 | D:5      | Noticed Eustachio
  3846 | D:5      | Killed Eustachio
  4700 | D:5      | Noticed Prince Ribbit
  4721 | D:5      | Killed Prince Ribbit
  4721 | D:5      | Gained mutation: You have very sharp fingernails. [demonic ancestry]
  4721 | D:5      | Reached XP level 8. HP: 28/61 MP: 8/8
  4924 | D:5      | Reached skill level 5 in Fighting
  5287 | D:6      | Found Amanil's Antique Weapon Boutique.
  5301 | D:6      | Got a crystal mace
  5302 | D:6      | Identified the +10 mace of Gessuloh {crush, rF+} (You found it on level 6 of the Dungeon)
  5408 | D:6      | Got a bloodstained whip
  5410 | D:6      | Noticed Grinder
  5422 | D:6      | Killed Grinder
  5422 | D:6      | Reached skill level 5 in Armour
  5447 | D:6      | Reached **** piety under Trog
  5512 | D:6      | Noticed Sigmund
  5522 | D:6      | Killed Sigmund
  5522 | D:6      | Reached skill level 1 in Maces & Flails
  5670 | D:6      | Found a staircase to the Ecumenical Temple.
  5695 | D:6      | Reached XP level 9. HP: 68/69 MP: 9/9
  6098 | D:7      | Reached skill level 2 in Maces & Flails
  6349 | D:7      | Reached skill level 3 in Maces & Flails
  6360 | D:7      | Found an opulent altar of Gozag.
  6585 | D:7      | Noticed Menkaure
  6590 | D:7      | Killed Menkaure
  6590 | D:7      | Reached skill level 4 in Maces & Flails
  7083 | D:7      | Found a runed door.
  7087 | D:7      | Noticed Crazy Yiuf
  7089 | D:7      | Killed Crazy Yiuf
  7233 | D:8      | Reached skill level 5 in Maces & Flails
  7460 | D:8      | Noticed a moth of wrath
  7463 | D:8      | Found a bloodstained altar of Trog.
  7548 | D:8      | Found Vaumn's Gadget Shoppe.
  7587 | D:8      | You fall through a shaft for 2 floors!
  7587 | D:10     | Entered Level 10 of the Dungeon
  7590 | D:10     | Noticed a two-headed ogre
  7592 | D:10     | Noticed a troll
  7596 | D:10     | Killed a two-headed ogre
  7596 | D:10     | Reached skill level 6 in Maces & Flails
  7596 | D:10     | Gained mutation: You regenerate health from kills. [demonic ancestry]
  7596 | D:10     | Reached XP level 10. HP: 77/77 MP: 10/10
  7657 | D:10     | Noticed Psyche
  7670 | D:10     | Killed Psyche
  7670 | D:10     | Reached skill level 7 in Maces & Flails
  7764 | D:10     | Found a staircase to the Lair.
  7768 | D:10     | Noticed a six-headed hydra
  7778 | D:10     | Killed a six-headed hydra
  8020 | D:9      | Reached skill level 8 in Maces & Flails
  8099 | D:9      | Noticed a three-headed hydra
  8105 | D:9      | Killed a three-headed hydra
  8105 | D:9      | Reached XP level 11. HP: 87/87 MP: 11/11
  8244 | D:8      | Noticed a two-headed ogre
  8259 | D:8      | Killed a two-headed ogre
  8265 | D:8      | Found a burning altar of Makhleb.
  8457 | D:8      | Noticed a two-headed ogre
  8465 | D:8      | Killed a two-headed ogre
  8465 | D:8      | Reached skill level 9 in Maces & Flails
  8497 | D:8      | Found a sparkling altar of Nemelex Xobeh.
  8582 | D:8      | Noticed Erica
  8593 | D:8      | Killed Erica
  8737 | D:9      | Reached ***** piety under Trog
  9274 | D:9      | Found an ornate altar of the Wu Jian Council.
  9721 | D:11     | Noticed an eight-headed hydra
  9729 | D:11     | Killed an eight-headed hydra
  9736 | D:11     | Reached skill level 10 in Maces & Flails
  9749 | D:11     | Noticed a two-headed ogre
  9870 | D:11     | Killed a two-headed ogre
  9944 | D:11     | Found Illupp's Antique Armour Emporium.
  9958 | D:11     | Found a staircase to the Orcish Mines.
 10076 | D:11     | Gained mutation: You have claws for hands. [demonic ancestry]
 10076 | D:11     | Reached XP level 12. HP: 96/96 MP: 12/12
 10207 | D:11     | Noticed Nergalle
 10231 | D:11     | Killed Nergalle
 10543 | Orc:1    | Entered Level 1 of the Orcish Mines
 10543 | Orc:1    | Found Idaloo Pobau's Gadget Shoppe.
 10543 | Orc:1    | Noticed an orc warlord
 10560 | D:11     | Killed an orc warlord
 10587 | D:11     | HP: 3/97 [orc warrior/war axe of chopping[an orc warlord] (3)]
 10631 | D:11     | HP: 4/97 [orc warrior/war axe of chopping[an orc warlord] (13)]
 10670 | D:11     | Reached skill level 11 in Maces & Flails
 10915 | Orc:1    | Reached skill level 10 in Fighting
 10949 | Orc:1    | Noticed Urug
 10968 | Orc:1    | Killed Urug
 11008 | Orc:1    | Noticed a stone giant
 11026 | Orc:1    | Killed a stone giant
 11328 | Orc:1    | Received a gift from Trog
 11465 | Orc:2    | Entered Level 2 of the Orcish Mines
 11836 | Orc:1    | HP: 2/98 [orc warrior/mace (18)]
 11837 | Orc:1    | Demolished by an orc knight

Vault maps used:
D:1:      dpeg_arrival_tiny_a
D:2:      grunt_temple_overflow_growth_and_decay, led_sif_pool,
          overflow_temple_1_default, gammafunk_temple_overflow_statue,
          minmay_tetromino_s4
D:3:      minmay_surrounded, uniq_ijyb
D:4:      amethyst_overflow_temple_binary
D:5:      first_ration, uniq_prince_ribbit1, uniq_eustachio
D:6:      minmay_temple_entry_trees, serial_shops, shop_statue,
          kennysheep_crisscross, kennysheep_generic_room_12, uniq_sigmund,
          uniq_grinder
D:7:      nicolae_gozag_cash_rules_everything_around_me,
          uniq_crazy_yiuf_cottage, uniq_menkaure
D:8:      tgw_trog, kennysheep_little_box, kennysheep_mini_moat, serial_shops,
          shop, uniq_erica
D:9:      lemuel_doored_altar, hangedman_ranch
D:10:     lair_entry_dummy, uniq_psyche
D:11:     david_orc_2, serial_shops, shop_fountains, interstate_on_off,
          uniq_nergalle
Orc:1:    serial_shops, shop, nicolae_orc_bridge_out, nicolae_orc_stony_grotto,
          uniq_urug
Orc:2:    grunt_orc_gardens, grunt_orc_garden, grunt_orc_garden,
          grunt_orc_garden, grunt_orc_garden, serial_shops, shop

Skill      XL: |  1  2  3  4  5  6  7  8  9 10 11 12 |
---------------+-------------------------------------+-----
Axes           | 3 4 5 6 8 |  8.2
Dodging        | 2 3 |  3.4
Stealth        | 1 |  1.7
Armour         | 2 3 4 5 6 7 8 9 |  9.9
Fighting       | 4 6 8 9 10 | 10.3
Maces & Flails | 1 6 8 10 11 | 11.4

Action                   |  1- 3 |  4- 6 |  7- 9 | 10-12 || total
-------------------------+-------+-------+-------+-------++-------
Melee: Hand axe          |   118 |   311 |   235 |       ||   664
       Mace              |       |       |   151 |   664 ||   815
Invok: Berserk           |     2 |     3 |     5 |    16 ||    26
       Trog's Hand       |       |     2 |     2 |     5 ||     9
  Use: Potion            |     1 |       |       |       ||     1
       Scroll            |       |       |     7 |       ||     7
 Stab: Sleeping          |       |     6 |       |       ||     6
  Eat: Chunk             |     3 |    11 |    15 |    30 ||    59
       Ration            |       |       |     1 |     2 ||     3
Armor: Animal skin       |    28 |    33 |       |       ||    61
       Plate armour      |       |   150 |   289 |   468 ||   907
Dodge: Dodged            |    96 |   149 |   126 |   262 ||   633

Table legend:
 A = Non-vault XP
 B = Vault XP
 C = Vault XP percentage of total XP
 D = Non-vault monster count
 E = Vault monster count
 F = Vault count percentage of total count
                 A         B        C        D         E       F
            +---------+---------+-------+---------+---------+-------
      Total |   23586 |    7514 |  24.2 |     332 |      39 |  10.5
            +---------+---------+-------+---------+---------+-------
        D:1 |      41 |       0 |   0.0 |      16 |       0 |   0.0
        D:2 |     116 |       0 |   0.0 |      36 |       0 |   0.0
        D:3 |      88 |      43 |  32.8 |      23 |       4 |  14.8
        D:4 |     538 |       0 |   0.0 |      23 |       0 |   0.0
        D:5 |     677 |     462 |  40.6 |      18 |       2 |  10.0
        D:6 |     438 |     509 |  53.7 |      16 |       2 |  11.1
        D:7 |    1114 |     208 |  15.7 |      21 |       2 |   8.7
        D:8 |    3426 |     948 |  21.7 |      32 |       6 |  15.8
        D:9 |    2398 |    2174 |  47.6 |      31 |       8 |  20.5
       D:10 |    3687 |     434 |  10.5 |      19 |       1 |   5.0
       D:11 |    7492 |    1077 |  12.6 |      43 |       8 |  15.7
      Orc:1 |    3565 |    1659 |  31.8 |      52 |       6 |  10.3
      Orc:2 |       6 |       0 |   0.0 |       2 |       0 |   0.0
            +---------+---------+-------+---------+---------+-------
